 Dungeon Crawl Stone Soup version 0.25.0-11-g1f837a76a1 (webtiles) character file.

Game seed: 16140089351319732441

30 Aviak the Chiller (level 3, 20/26 HPs)
             Began as a Demonspawn Ice Elementalist on June 27, 2020.
             Quit the game on level 1 of the Dungeon.
             The game lasted 00:01:55 (928 turns).

Aviak the Chiller (Demonspawn Ice Elementalist)      Turns: 928, Time: 00:01:55

Health: 20/26      AC:  2    Str:  8    XL:     3   Next: 3%
Magic:  3/6        EV: 12    Int: 17    God:
Gold:   10         SH:  0    Dex: 13    Spells: 5/6 levels left

rFire    + . .     SeeInvis .   e - +0 short sword
rCold    . . .     Gourm    .   (no shield)
rNeg     . . .     Faith    .   a - +0 robe
rPois    .         Spirit   .   (helmet restricted)
rElec    .         Reflect  .   (no cloak)
rCorr    .         Harm     .   (no gloves)
MR       .....                  (no boots)
Stlth    ++........             (no amulet)
HPRegen  0.08/turn              (no ring)
MPRegen  0.10/turn              (no ring)

@: no status effects
A: antennae 1, fire resistance 1
a: no special abilities


You were on level 1 of the Dungeon.
You were not hungry.

You visited 1 branch of the dungeon, and saw 1 of its levels.

You collected 10 gold pieces.

Inventory:

Hand Weapons
 e - a +0 short sword (weapon)
Armour
 a - a +0 robe (worn)
 d - a +0 buckler
Scrolls
 b - 2 scrolls of identify {unknown}
 f - a scroll of remove curse {unknown}
Comestibles
 c - 2 rations


   Skills:
 - Level 1.1 Fighting
 - Level 1.7 Dodging
 - Level 1.7 Stealth
 + Level 0.2 Shields
 + Level 2.4 Spellcasting
 + Level 4.0 Ice Magic


You had 5 spell levels left.
You knew the following spells:

 Your Spells              Type           Power        Failure   Level  Hunger
a - Freeze                Ice            ###.         3%          1    #......

Your spell library contained the following spells:

 Spells                   Type           Power        Failure   Level  Hunger
 Frozen Ramparts          Ice            ###...       11%         3    ###....
 Ozocubu's Armour         Chrm/Ice       #.......     24%         3    ###....
 Hailstorm                Conj/Ice       #.......     63%         4    #####..
 Summon Ice Beast         Ice/Summ       #.......     63%         4    #####..


Dungeon Overview and Level Annotations

Branches:
Dungeon (1/15)

Altars:


Innate Abilities, Weirdness & Mutations

You have a pair of small antennae on your head.
Your flesh is heat resistant. (rF+)


Message History

Aim: a kobold, quivering 2 stones You freeze the kobold.
You kill the kobold!
You have reached level 3!
Your experience leads to an increase in your attributes!
Increase (S)trength, (I)ntelligence, or (D)exterity?
You feel clever.
Your demonic ancestry asserts itself...
You feel resistant to heat.
You hit the frilled lizard but do no damage.
The frilled lizard bites you but does no damage.
Casting: Freeze (safe; 3% risk of failure)
Confirm with . or Enter, or press ? or * to list all spells.
Aiming: Freeze (safe; 3% risk of failure)
Press: ? - help, Shift-Dir - straight line, f - frilled lizard
Aim: a frilled lizard You freeze the frilled lizard.
You kill the frilled lizard!
Sorry, you're not good enough to have a special ability.
Unknown command.
Are you sure you want to abandon this character and quit the game? (Confirm with "yes".)

###########
######(.........
#...(@.#.#######
#.####.#.†### #
..........# .##
###.#.#.###.###...# # #
...#.#.#.#.....# .
#.###.###.#.#..##...# ##
#.............## ####.
#.............# .#....
#.###.#.#.###.####.#.##.


There were no monsters in sight!

Vanquished Creatures
  2 oozes (D:1)
  A leopard gecko (D:1)
  2 giant cockroaches (D:1)
  3 hobgoblins (D:1)
  2 kobolds (D:1)
  3 bats (D:1)
  2 frilled lizards (D:1)
  6 rats (D:1)
21 creatures vanquished.

Notes
Turn   | Place    | Note
-------+----------+-------------------------------------------
     0 | D:1      | Aviak the Demonspawn Ice Elementalist began the quest for
                  | the Orb.
     0 | D:1      | Reached XP level 1. HP: 13/13 MP: 3/3
   331 | D:1      | Gained mutation: You have a pair of small antennae on your
                  | head. [demonic ancestry]
   331 | D:1      | Reached XP level 2. HP: 20/20 MP: 1/5
   560 | D:1      | Reached skill level 1 in Fighting
   881 | D:1      | Reached skill level 4 in Ice Magic
   925 | D:1      | Gained mutation: Your flesh is heat resistant. (rF+)
                  | [demonic ancestry]
   925 | D:1      | Reached XP level 3. HP: 20/26 MP: 4/6
   928 | D:1      | Quit the game

Illustrated notes

Levels and vault maps discovered:
D:1:      sevenhm_arrival_forest_fort_large_2, layout_loops_ring,
          minmay_misc_feat_nine_boxes

Skill      XL: |  1  2 |
---------------+-------+-----
Fighting       | 1 |  1.1
Ice Magic      | 4 |  4.0
Dodging        | |  1.7
Stealth        | |  1.7
Shields        | |  0.2
Spellcasting   | |  2.4

Action                   || total
-------------------------++-------
Melee: Unarmed           ||    29
       Short sword       ||    15
 Cast: Freeze            ||    29
Armor: Robe              ||    28
Dodge: Dodged            ||    72
